 Dungeon Crawl Stone Soup version 0.27-a0-1381-g81fdcbfb23 (webtiles) character file.

Game seed: 3086665635387458254

11022 BlueGoblin the Thaumaturge (level 11, -12/129 HPs)
             Began as a Gnoll Warper on June 30, 2021.
             Was a High Priest of Cheibriados.
             Mangled by a freezing wraith (16 damage)
             ... on level 10 of the Dungeon.
             The game lasted 01:04:15 (17439 turns).

BlueGoblin the Thaumaturge (Gnoll Warper)          Turns: 17439, Time: 01:04:15

Health: -12/129    AC: 29    Str: 30    XL:     11   Next: 71%
Magic:  23/23      EV:  2    Int: 23    God:    Cheibriados [*****.]
Gold:   852        SH:  0    Dex: 24    Spells: 12/26 levels left

rFire    . . .     SeeInvis .   b - +0 shortbow (flame)
rCold    . . .     Faith    .   (shield currently unavailable)
rNeg     + + +     Spirit   .   (armour currently unavailable)
rPois    +         Reflect  .   (helmet currently unavailable)
rElec    .         Harm     .   (cloak currently unavailable)
rCorr    .         Rampage  .   (gloves currently unavailable)
Will     .....     NoTele   +   (boots currently unavailable)
Stlth    ++++......             x - amulet of regeneration
HPRegen  1.31/turn              e - +4 ring of protection
MPRegen  0.18/turn              h - +6 ring of strength

@: tree-form, slowed, very slow
A: stationary, stasis, torment immunity, boosted hp, (fangs 1), strong nose,
distributed training
a: Renounce Religion, Bend Time, Temporal Distortion, Slouch, Step From Time


You were on level 10 of the Dungeon.
You worshipped Cheibriados.
Cheibriados was extremely pleased with you.
You were a tree.
You visited 3 branches of the dungeon, and saw 12 of its levels.

You collected 852 gold pieces.

Inventory:

Hand Weapons
 a - a +4 long sword
 b - a +0 shortbow of flaming (weapon)
 c - a +5 spear
 f - a +5 dire flail
 j - a +1 whip of electrocution
 F - a +1 hand axe of freezing
 O - a +0 hunting sling
Missiles
 d - 3 boomerangs of dispersal
 n - 160 arrows (quivered ammo)
 p - 226 stones
 q - a curare-tipped dart
 s - 21 sling bullets
 t - 19 poisoned darts
 N - 7 boomerangs
Armour
 g - a +1 pair of boots (melded)
 i - a +0 cloak (melded)
 l - a +2 pair of gloves (melded)
 A - a +0 plate armour (melded)
 H - a +0 buckler
 J - a +0 helmet (melded)
Jewellery
 e - a +4 ring of protection (left branch)
 h - a +6 ring of strength (right branch)
 o - a ring of positive energy
 u - a ring of positive energy
 x - an amulet of regeneration (around neck)
 K - a +4 ring of evasion
 L - an amulet of magic regeneration
Wands
 I - a wand of mindburst (11)
 M - a wand of flame (4)
Scrolls
 w - 3 scrolls of magic mapping
 y - a scroll of fear
 C - a scroll of amnesia
 E - a scroll of teleportation
Potions
 k - 4 potions of lignification
 m - a potion of cancellation {unknown}
 r - a potion of brilliance {unknown}
 v - a potion of flight
 z - 2 potions of degeneration {unknown}
 B - a potion of might {unknown}
 D - 3 potions of resistance {unknown}


   Skills:
 + Level 8.1 Fighting
 + Level 6.5 Short Blades
 + Level 6.5 Long Blades
 + Level 6.5 Axes
 + Level 6.5 Maces & Flails
 + Level 8.1 Polearms
 + Level 6.5 Staves
 + Level 6.5 Slings
 + Level 6.5 Bows
 + Level 6.5 Crossbows
 + Level 7.1 Throwing
 + Level 7.1 Armour
 + Level 8.1 Dodging
 + Level 6.5 Stealth
 + Level 6.5 Shields
 + Level 6.5 Unarmed Combat
 + Level 8.3 Spellcasting
 + Level 5.4 Conjurations
 + Level 5.4 Hexes
 + Level 5.4 Summonings
 + Level 5.4 Necromancy
 + Level 7.8 Translocations
 + Level 5.4 Transmutations
 + Level 5.4 Fire Magic
 + Level 5.4 Ice Magic
 + Level 5.4 Air Magic
 + Level 5.4 Earth Magic
 + Level 5.4 Poison Magic
 + Level 7.2 Invocations
 + Level 6.5 Evocations


You had 12 spell levels left.
You knew the following spells:

 Your Spells              Type           Power      Damage    Failure   Level
a - Blink                 Tloc           N/A        N/A       1%          2
b - Gell's Gravitas       Tloc           22%        N/A       1%          3
c - Ozocubu's Armour      Ice            34%        N/A       2%          3
d - Frozen Ramparts       Ice            68%        1d8       2%          3
e - Lesser Beckoning      Tloc           22%        N/A       1%          3

Your spell library contained the following spells:

 Spells                   Type           Power      Damage    Failure   Level
 Apportation              Tloc           90%        N/A       1%          1
 Freeze                   Ice            100%       1d11      1%          1
 Poisonous Vapours        Pois/Air       68%        N/A       1%          2
 Teleport Other           Tloc           45%        N/A       1%          3
 Conjure Flame            Conj/Fire      34%        6-21      2%          3
 Mephitic Cloud           Conj/Pois/Air  34%        N/A       2%          3
 Tukima's Dance           Hex            34%        N/A       2%          3
 Hailstorm                Conj/Ice       34%        3d9       7%          4
 Manifold Assault         Tloc           45%        N/A       8%          5
 Alistair's Intoxication  Tmut/Pois      22%        N/A       21%         5
 Freezing Cloud           Conj/Ice/Air   17%        6-21      21%         5
 Metabolic Englaciation   Hex/Ice        17%        N/A       21%         5
 Invisibility             Hex            17%        N/A       73%         6


Dungeon Overview and Level Annotations

Branches:
Dungeon (10/15)            Temple (1/1) D:4            Lair (1/6) D:8
    Orc (0/2) D:10

Altars:
Ashenzari
Cheibriados
Dithmenos
Elyvilon
Fedhas
Gozag
Hepliaklqana
Kikubaaqudgha
Makhleb
Nemelex Xobeh
Okawaru
Qazlal
Ru
Sif Muna
Trog
Uskayaw
Vehumet
Xom
Yredelemnul
The Shining One
Beogh

Shops:
D:8 *

Annotations:
D:6 2 transporters, Mateji's ghost, novice MiFi


Innate Abilities, Weirdness & Mutations

You are a tree.
Your roots penetrate the ground, keeping you stationary.
You cannot be teleported.
You are immune to unholy pain and torment.
Your maximum health is greatly increased.
Your equipment is partially melded.
((You have very sharp teeth.))
Your uncanny sense of smell can sniff out nearby items.
Your experience applies equally to all skills.


Message History

The arrow hits the freezing wraith but does no damage.
The freezing wraith is heavily damaged.
The freezing wraith hits you but does no damage. x3
The freezing wraith completely misses you.
Fire: 164 arrows
Press: ? - help, Q - select action, (/) - cycle Shift-Dir - straight line, f/p - freezing wraith
Aim: a freezing wraith (heavily damaged, 71% to hit)
You shoot an arrow. The arrow hits the freezing wraith.
The arrow burns the freezing wraith.
The freezing wraith is severely damaged.
The freezing wraith completely misses you.
The freezing wraith hits you but does no damage.
Fire: 163 arrows
Press: ? - help, Q - select action, (/) - cycle Shift-Dir - straight line, f/p - freezing wraith
Aim: a freezing wraith (severely damaged, 71% to hit)
You shoot an arrow.
The arrow hits the freezing wraith but does no damage.
The freezing wraith is severely damaged.
The freezing wraith hits you but does no damage. x4
Fire: 162 arrows
Press: ? - help, Q - select action, (/) - cycle Shift-Dir - straight line, f/p - freezing wraith
Aim: a freezing wraith (severely damaged, 71% to hit)
You shoot an arrow.
The arrow hits the freezing wraith but does no damage.
The freezing wraith is severely damaged.
The freezing wraith hits you.
* * * LOW HITPOINT WARNING * * *
The freezing wraith freezes you!
* * * LOW HITPOINT WARNING * * *
The freezing wraith hits you!
* * * LOW HITPOINT WARNING * * *
Fire: 161 arrows
Press: ? - help, Q - select action, (/) - cycle Shift-Dir - straight line, f/p - freezing wraith
Aim: a freezing wraith (severely damaged, 71% to hit)
You shoot an arrow.
The arrow barely misses the freezing wraith.
The freezing wraith hits you!
* * * LOW HITPOINT WARNING * * *
The freezing wraith freezes you!
You die...

.......................
....#.................
...#.................
....................
.?.................
#.....>....#.##....
#.........##.......
#(W##......#.......
##♣(.#..[..........
#(..............>.
###....##.........
##....#.........
#.............. ∆
................
................
.................
.####^####..##.##.


You could see a freezing wraith.

Vanquished Creatures
  Erica (D:9)
  2 two-headed ogres
  The ghost of philipeq the Fighter, a novice DsFi of Ru (D:9)
  Pikel (D:7)
  A cane toad (Lair:1)
  Psyche (D:9)
  An unseen horror (D:10)
  A troll (D:9)
  A vampire (D:10)
  2 wyverns
  14 yaks
  4 wraiths
  A basilisk (D:8)
  2 water moccasins
  An acid dragon (D:10)
  2 orc warriors
  A sky beast (D:7)
  3 black bears
  2 ogres
  7 centaurs
  A lemure (D:7)
  A phantom (D:5)
  2 kobold brigands
  A gnoll sergeant (D:6)
  5 bullfrogs
  A wyvern zombie (D:8)
  A scorpion (D:7)
  3 killer bees (D:8)
  10 wights
  A howler monkey (D:9)
  4 hounds
  2 bullfrog skeletons
  2 centaur skeletons
  4 orc priests
  2 jellies (D:4)
  Natasha (thrice) (D:3)
  6 orc wizards
  A howler monkey zombie (D:9)
  5 gnolls (D:6)
  A howler monkey skeleton (D:5)
  11 adders
  4 river rats (D:3)
  A shadow imp (D:6)
  A white imp (D:6)
  2 dart slugs
  25 orcs
  6 ball pythons
  4 endoplasms
  5 giant cockroaches
  3 goblins (D:2)
  10 hobgoblins
  9 jackals
  6 quokkas
  7 bats
  2 frilled lizards
  27 kobolds
  5 rats
233 creatures vanquished.

Vanquished Creatures (others)
  9 fungi (D:3)
  25 plants
34 creatures vanquished.

Grand Total: 267 creatures vanquished

Notes
Turn   | Place    | Note
-------+----------+-------------------------------------------
     0 | D:1      | BlueGoblin the Gnoll Warper began the quest for the Orb.
     0 | D:1      | Reached XP level 1. HP: 20/20 MP: 6/6
   332 | D:1      | Reached XP level 2. HP: 26/26 MP: 7/7
   807 | D:1      | Learned a level 2 spell: Blink
  1076 | D:2      | Reached XP level 3. HP: 31/31 MP: 9/9
  1097 | D:2      | Reached skill level 5 in Spellcasting
  1167 | D:2      | Reached skill level 1 in Invocations
  1196 | D:2      | Learned a level 3 spell: Gell's Gravitas
  1317 | D:2      | Reached skill level 1 in Short Blades
  1317 | D:2      | Reached skill level 1 in Long Blades
  1317 | D:2      | Reached skill level 1 in Axes
  1317 | D:2      | Reached skill level 1 in Maces & Flails
  1317 | D:2      | Reached skill level 1 in Staves
  1317 | D:2      | Reached skill level 1 in Slings
  1317 | D:2      | Reached skill level 1 in Bows
  1317 | D:2      | Reached skill level 1 in Crossbows
  1317 | D:2      | Reached skill level 1 in Stealth
  1317 | D:2      | Reached skill level 1 in Shields
  1317 | D:2      | Reached skill level 1 in Unarmed Combat
  1317 | D:2      | Reached skill level 1 in Evocations
  1494 | D:2      | Found a faded altar of an unknown god.
  1588 | D:2      | Reached XP level 4. HP: 38/38 MP: 11/11
  2146 | D:3      | Noticed Natasha
  2179 | D:3      | Killed Natasha
  2180 | D:3      | Reached skill level 1 in Conjurations
  2180 | D:3      | Reached skill level 1 in Hexes
  2180 | D:3      | Reached skill level 1 in Summonings
  2180 | D:3      | Reached skill level 1 in Necromancy
  2180 | D:3      | Reached skill level 1 in Transmutations
  2180 | D:3      | Reached skill level 1 in Fire Magic
  2180 | D:3      | Reached skill level 1 in Ice Magic
  2180 | D:3      | Reached skill level 1 in Air Magic
  2180 | D:3      | Reached skill level 1 in Earth Magic
  2180 | D:3      | Reached skill level 1 in Poison Magic
  2299 | D:3      | Noticed Natasha
  2323 | D:3      | Killed Natasha
  2324 | D:3      | Reached XP level 5. HP: 20/43 MP: 12/12
  2392 | D:3      | Noticed Natasha
  2607 | D:3      | Killed Natasha
  2912 | D:3      | Found a blossoming altar of Fedhas.
  3820 | D:3      | Reached XP level 6. HP: 45/50 MP: 13/13
  4425 | D:4      | Found a staircase to the Ecumenical Temple.
  4437 | Temple   | Entered the Ecumenical Temple
  4689 | Temple   | Became a worshipper of Cheibriados the Contemplative
  4830 | D:4      | Noticed a black bear
  4844 | D:4      | Killed a black bear
  4845 | D:4      | Reached skill level 5 in Fighting
  4845 | D:4      | Reached skill level 5 in Polearms
  4845 | D:4      | Reached skill level 5 in Dodging
  5307 | D:4      | Reached XP level 7. HP: 38/56 MP: 15/15
  6378 | D:5      | Entered Level 5 of the Dungeon
  6498 | D:5      | Reached * piety under Cheibriados
  6918 | D:5      | Reached XP level 8. HP: 63/63 MP: 16/16
  7316 | D:5      | Found a glowing golden altar of the Shining One.
  7622 | D:6      | Reached ** piety under Cheibriados
  7742 | D:6      | Found a transporter.
  7752 | D:6      | Noticed Mateji's ghost (novice MiFi)
  7753 | D:6      | Identified the +11 spear "Leviticus" {venom, rElec Dex+7}
  7753 | D:6      | Identified the +7 kite shield of Lous {rPois Str+4 Dex+4}
  8223 | D:6      | Found a transporter.
  8958 | D:7      | Found a white marble altar of Elyvilon.
  9406 | D:7      | Reached XP level 9. HP: 65/69 MP: 18/18
  9623 | D:7      | Noticed Pikel
  9651 | D:7      | HP: 2/69 [Pikel (14)]
  9753 | D:7      | Killed Pikel
  9754 | D:7      | Reached skill level 5 in Throwing
  9754 | D:7      | Reached skill level 5 in Armour
 10318 | D:8      | Found a hide-covered altar of Uskayaw.
 10519 | D:8      | Found a staircase to the Lair.
 10558 | D:8      | Reached skill level 5 in Invocations
 10673 | D:8      | Found a stormy altar of Qazlal.
 10783 | D:8      | Found Lukhlase's Assorted Antiques.
 11022 | D:8      | Found a runed translucent gate.
 11022 | D:8      | Found a runed translucent gate.
 11022 | D:8      | Found a runed translucent gate.
 11027 | D:8      | Noticed philipeq's ghost (novice DsFi)
 11056 | D:8      | Reached XP level 10. HP: 77/77 MP: 20/20
 11060 | D:8      | Reached *** piety under Cheibriados
 12293 | D:9      | Reached skill level 5 in Short Blades
 12293 | D:9      | Reached skill level 5 in Long Blades
 12293 | D:9      | Reached skill level 5 in Axes
 12293 | D:9      | Reached skill level 5 in Maces & Flails
 12293 | D:9      | Reached skill level 5 in Staves
 12293 | D:9      | Reached skill level 5 in Slings
 12293 | D:9      | Reached skill level 5 in Bows
 12293 | D:9      | Reached skill level 5 in Crossbows
 12293 | D:9      | Reached skill level 5 in Stealth
 12293 | D:9      | Reached skill level 5 in Shields
 12293 | D:9      | Reached skill level 5 in Unarmed Combat
 12293 | D:9      | Reached skill level 5 in Evocations
 12982 | D:9      | Learned a level 3 spell: Ozocubu's Armour
 12986 | D:9      | Learned a level 3 spell: Frozen Ramparts
 12990 | D:9      | Learned a level 3 spell: Lesser Beckoning
 12990 | D:9      | Noticed Psyche
 13000 | D:9      | Killed Psyche
 13167 | D:9      | Reached **** piety under Cheibriados
 13550 | D:9      | Found an iron altar of Okawaru.
 13550 | D:9      | Noticed Erica
 13578 | D:9      | Killed Erica
 13622 | D:9      | Reached XP level 11. HP: 84/84 MP: 22/22
 13910 | Lair:1   | Entered Level 1 of the Lair of Beasts
 13928 | Lair:1   | Reached skill level 5 in Conjurations
 13928 | Lair:1   | Reached skill level 5 in Hexes
 13928 | Lair:1   | Reached skill level 5 in Summonings
 13928 | Lair:1   | Reached skill level 5 in Necromancy
 13928 | Lair:1   | Reached skill level 5 in Transmutations
 13928 | Lair:1   | Reached skill level 5 in Fire Magic
 13928 | Lair:1   | Reached skill level 5 in Ice Magic
 13928 | Lair:1   | Reached skill level 5 in Air Magic
 13928 | Lair:1   | Reached skill level 5 in Earth Magic
 13928 | Lair:1   | Reached skill level 5 in Poison Magic
 15758 | D:9      | Killed philipeq's ghost
 15947 | D:10     | Entered Level 10 of the Dungeon
 15947 | D:10     | Noticed a two-headed ogre
 15957 | D:9      | Killed a two-headed ogre
 16419 | D:10     | Reached ***** piety under Cheibriados
 16937 | D:10     | Found a sacrificial altar of Ru.
 17071 | D:10     | Noticed a two-headed ogre
 17077 | D:10     | Killed a two-headed ogre
 17184 | D:10     | Found a staircase to the Orcish Mines.
 17439 | D:10     | HP: 4/129 [freezing wraith (8)]
 17439 | D:10     | Mangled by a freezing wraith

Illustrated notes

Levels and vault maps discovered:
D:1:      dpeg_arrival_three_smaller_balls, layout_basic
D:2:      layout_rooms, hellmonk_ecumenical_altar_defaced_shrine,
          serial_bayou_pond_d, chequers_serial_rivers_small_a, minivault_27
D:3:      layout_rooms, fedhas_altar_3, lightli_sewer_entry_pipes, uniq_natasha
D:4:      minmay_angry_zag, layout_loops_corners,
          minmay_temple_entry_statues_pillars
D:5:      layout_loops_ring, marbit_many_paths
D:6:      layout_loops_corners, gammafunk_ghost_gnarly_gnolls
D:7:      layout_loops_corners, elyvilon_altar_5, uniq_pikel
D:8:      kennysheep_kobold_camp, layout_loops_corners, lemuel_crystal_altar,
          lemuel_coloured_pillars_altar, david_lair_generic,
          gammafunk_ghost_spectres, serial_shops,
          nicolae_shop_overgrown_old_shop, enter_ossuary_2, serial_bayou_pond_a,
          minmay_door_square, amcnicky_mini_rare_corridor_liquid
D:9:      layout_loops_cross, amcnicky_altar_gilded, uniq_psyche, uniq_erica
D:10:     layout_cave_pools, nicolae_wu_jian_immortal_techniques,
          lemuel_tele_altar, nicolae_ru_awakened_eye, orc_david_3
Temple:   nicolae_temple_figure_eight
Lair:1:   layout_loops_ring

Skill      XL: |  1  2  3  4  5  6  7  8  9 10 11 |
---------------+----------------------------------+-----
Spellcasting   | 5 6 7 8 |  8.3
Invocations    | 1 2 3 4 5 6 7 |  7.2
Short Blades   | 1 2 3 4 5 6 |  6.5
Long Blades    | 1 2 3 4 5 6 |  6.5
Axes           | 1 2 3 4 5 6 |  6.5
Maces & Flails | 1 2 3 4 5 6 |  6.5
Staves         | 1 2 3 4 5 6 |  6.5
Slings         | 1 2 3 4 5 6 |  6.5
Bows           | 1 2 3 4 5 6 |  6.5
Crossbows      | 1 2 3 4 5 6 |  6.5
Stealth        | 1 2 3 4 5 6 |  6.5
Shields        | 1 2 3 4 5 6 |  6.5
Unarmed Combat | 1 2 3 4 5 6 |  6.5
Evocations     | 1 2 3 4 5 6 |  6.5
Conjurations   | 1 2 3 4 5 |  5.4
Hexes          | 1 2 3 4 5 |  5.4
Summonings     | 1 2 3 4 5 |  5.4
Necromancy     | 1 2 3 4 5 |  5.4
Transmutations | 1 2 3 4 5 |  5.4
Fire Magic     | 1 2 3 4 5 |  5.4
Ice Magic      | 1 2 3 4 5 |  5.4
Air Magic      | 1 2 3 4 5 |  5.4
Earth Magic    | 1 2 3 4 5 |  5.4
Poison Magic   | 1 2 3 4 5 |  5.4
Throwing       | 3 4 5 6 7 |  7.1
Armour         | 3 4 5 6 7 |  7.1
Fighting       | 5 6 7 8 |  8.1
Polearms       | 5 6 7 8 |  8.1
Dodging        | 5 6 7 8 |  8.1
Translocations | 6 7 |  7.8

Action                   |  1- 3 |  4- 6 |  7- 9 | 10-12 || total
-------------------------+-------+-------+-------+-------++-------
Melee: Spear             |   157 |   342 |    54 |       ||   553
       Bite              |     9 |    20 |    47 |    65 ||   141
       Dagger            |       |       |    41 |       ||    41
       Long sword        |       |       |    69 |    92 ||   161
       Hunting sling     |       |       |     1 |       ||     1
       Whip              |       |       |    47 |    48 ||    95
       Hand axe          |       |       |     5 |    95 ||   100
       Punch             |       |       |     5 |    18 ||    23
       Short sword       |       |       |       |    27 ||    27
       Scimitar          |       |       |       |    11 ||    11
 Fire: Hunting sling     |     1 |    10 |   229 |    69 ||   309
       Shortbow          |       |       |       |   105 ||   105
Throw: Boomerang         |       |       |     2 |       ||     2
 Cast: Blink             |     3 |       |       |    12 ||    15
       Gell's Gravitas   |     1 |       |       |       ||     1
       Ozocubu's Armour  |       |       |       |     2 ||     2
Invok: Bend Time         |       |       |     3 |     1 ||     4
Evoke: Wand              |       |       |       |    17 ||    17
  Use: Scroll            |       |     8 |     6 |     4 ||    18
       Potion            |       |     1 |     6 |     5 ||    12
 Stab: Sleeping          |       |     4 |       |       ||     4
       Distracted        |       |     1 |       |       ||     1
Armor: Leather armour    |    43 |    61 |       |       ||   104
       Chain mail        |       |    10 |   273 |    39 ||   322
       Plate armour      |       |       |       |   213 ||   213
       Skin              |       |       |       |    19 ||    19
Dodge: Dodged            |    72 |   199 |   180 |   202 ||   653
       Rpst.: Long sword |       |       |    22 |     9 ||    31
       Scimitar          |       |       |       |     3 ||     3

Table legend: (Time is in decaauts)
 A = Elapsed time spent in this place.
 B = Non-inter-level travel time spent in this place.
 C = Inter-level travel time spent in this place.
 D = Time resting spent in this place.
 E = Time spent auto-exploring this place.
 F = Levels seen in this place.
 G = Mean time per level.
                   A        B        C        D        E       F      G
               +--------+--------+--------+--------+--------+-----+--------+
         Total |  20953 |  18991 |   1962 |   5436 |   8979 |  12 | 1746.1 |
       Dungeon |  20556 |  18616 |   1940 |   5382 |   8772 |  10 | 2055.6 |
        Temple |    286 |    265 |     21 |      0 |    207 |   1 |  286.0 |
          Lair |    109 |    109 |      0 |     54 |      0 |   1 |  109.0 |
               +--------+--------+--------+--------+--------+-----+--------+

Top non-repeatable levels by time:
     D:8: 4729 daAuts
     D:9: 2766 daAuts
     D:7: 2172 daAuts
     D:4: 2164 daAuts
     D:3: 1906 daAuts
     D:6: 1718 daAuts
     D:2: 1449 daAuts
    D:10: 1343 daAuts
     D:5: 1333 daAuts
     D:1: 973 daAuts
  Temple: 286 daAuts
  Lair:1: 109 daAuts
